 Dungeon Crawl Stone Soup version 0.17-a0-737-gf0a300a (webtiles) character file.

37 Chiseanne the Digger (level 3, 0/26 HPs)
             Began as a Draconian Earth Elementalist on Apr 28, 2015.
             Killed from afar by Jessica (4 damage)
             ... with a wand of flame
             ... on level 2 of the Dungeon.
             The game lasted 00:03:46 (1706 turns).

Chiseanne the Digger (Draconian Earth Elementalist) Turns: 1706, Time: 00:03:46

Health: 0/26       AC:  8    Str: 10    XL:     3   Next: 21%
Magic:  1/7        EV: 12    Int: 16    God:
Gold:   101        SH:  0    Dex: 11    Spells: 3 memorised, 1 level left

rFire  . . .     SeeInvis .     d - +0 dagger
rCold  . . .     Clarity  .     (armour unavailable)
rNeg   . . .     SustAb   .     (no shield)
rPois  .         Gourm    .     (helmet restricted)
rElec  .         Spirit   .     (no cloak)
rCorr  .         Warding  .     g - +0 pair of gloves
rMut   .         Stasis   .     (no boots)
MR     .....                    (no amulet)
Stlth  ++........               (no ring)
                                (no ring)

@: stone skin, very slightly contaminated, slowed, very slow, not resistant to
hostile enchantments, unstealthy
A: unfitting armour, cold-blooded, AC +5
a: no special abilities


You were on level 2 of the Dungeon.
You were not hungry.

You visited 1 branch of the dungeon, and saw 2 of its levels.

You collected 101 gold pieces.

Inventory:

Hand weapons
 d - a +0 dagger (weapon)
Missiles
 a - 115 stones (quivered)
Armour
 g - a +0 pair of gloves (worn)
Scrolls
 e - a scroll of blinking {unknown}
 i - 2 scrolls of remove curse
 j - a scroll of immolation {unknown}
 k - a scroll of noise {unknown}
Potions
 f - a potion of restore abilities
Books
 b - a book of Geomancy

   Spells                             Type                      Level
   a - Sandblast                      Earth                        1
   b - Stoneskin                      Transmutation/Earth          2
   c - Passwall                       Transmutation/Earth          3
   d - Stone Arrow                    Conjuration/Earth            3
   e - Petrify                        Transmutation/Earth          4
   f - Lee's Rapid Deconstruction     Earth                        5
Comestibles
 c - a bread ration
 h - a meat ration
 l - 2 chunks of flesh


   Skills:
 - Level 1.7 Dodging
 - Level 1.7 Stealth
 * Level 2.8 Spellcasting
 - Level 1.0 Transmutations
 * Level 3.7 Earth Magic


You had one spell level left.
You knew the following spells:

 Your Spells              Type           Power        Failure   Level  Hunger
a - Sandblast             Erth           ##....       6%          1    #......
b - Stoneskin             Trmt/Erth      #.......     12%         2    ##.....
c - Stone Arrow           Conj/Erth      #.....       28%         3    ###....


Dungeon Overview and Level Annotations

Branches:
Dungeon (2/15)

Altars:

Annotations:
D:2 Jessica


Innate Abilities, Weirdness & Mutations

Your plain brown scales are hard (AC +5).
Your body does not fit into most forms of armour.
You are cold-blooded and may be slowed by cold attacks.


Message History

Aim: Jessica, wielding a dagger of protection, wearing an embroidered robe and carrying a wand of flame {zapped: 1} (heavily wounded)
The blast of sand hits Jessica.
Jessica is heavily wounded.
Jessica gestures wildly.
Jessica zaps a wand.
The puff of flame hits you!
* * * LOW HITPOINT WARNING * * *
You hit Jessica but do no damage.
Jessica is heavily wounded.
Jessica mumbles some strange words.
Jessica seems to speed up.
Jessica zaps a wand.
The puff of flame misses you.
Drink which item? (? for menu, Esc to quit)
Okay, then.
You aren't carrying any items that can be evoked.
Unknown command.
You hit Jessica but do no damage.
You tail-slap Jessica, but do no damage.
Jessica is heavily wounded.
Jessica gestures wildly while chanting.
Jessica blinks!
Jessica zaps a wand.
The puff of flame hits you!
You die...

#.# #.# #.# #.# #.# ####
## #.. #.###... .####.#
### ### #......##........
..# ###$..@ยง.@...# #.# #
#.....###########.# ##
#.##..# ##.#[####. #..#
##........#
#..#######.#.#.####.
####.##...............####
...............#........##
...........###.##.#####.##
#.#.##..#.# #.##.# #...


You could see Jessica.

Vanquished Creatures
  An ooze (D:2)
  2 giant geckos (D:1)
  5 goblins
  5 hobgoblins (D:1)
  6 bats
  2 giant newts (D:1)
  8 kobolds
  3 rats (D:1)
32 creatures vanquished.

Notes
Turn   | Place    | Note
--------------------------------------------------------------
     0 | D:1      | Chiseanne, the Draconian Earth Elementalist, began the quest for the Orb.
     0 | D:1      | Reached XP level 1. HP: 14/14 MP: 3/3
   656 | D:1      | Reached XP level 2. HP: 18/20 MP: 1/5
   726 | D:1      | Learned a level 2 spell: Stoneskin
  1220 | D:1      | Reached XP level 3. HP: 26/26 MP: 4/7
  1373 | D:1      | Learned a level 3 spell: Stone Arrow
  1696 | D:2      | Noticed Jessica
  1706 | D:2      | Killed from afar by Jessica

Action                   || total
-------------------------++-------
Melee: Dagger            ||    47
 Cast: Sandblast         ||    41
       Stone Arrow       ||     2
       Stoneskin         ||     1
  Use: Scroll            ||     3
  Eat: Chunk             ||     1
       Bread ration      ||     1
